 Dungeon Crawl Stone Soup version 0.29.1-15-g9cfb28693d (webtiles) character file.

Game seed: 12767275648370979755

4 HakonGodeson the Trooper (level 1, 0/19 HPs)
             Began as a Draconian Fighter on Mar 29, 2023.
             Slain by a kobold
             ... wielding a +0 whip
              (3 damage)
             ... on level 4 of the Dungeon.
             The game lasted 00:00:42 (103 turns).

HakonGodeson the Trooper (Draconian Fighter)         Turns: 103, Time: 00:00:42

Health: 0/19       AC:  4    Str: 18    XL:     1   Next: 50%
Magic:  1/1        EV: 12    Int:  8    God:
Gold:   23         SH:  5    Dex: 10    Spells: 0/0 levels left

rFire   . . .      SeeInvis .   a - +0 long sword
rCold   . . .      Faith    .   b - +1 buckler
rNeg    . . .      Spirit   .   (body armour unavailable)
rPois   .          Reflect  .   (helmet restricted)
rElec   .          Harm     .   (no cloak)
rCorr   .          Rampage  .   (no gloves)
Will    .....                   (no boots)
Stlth   +.........              (no amulet)
HPRegen 0.06/turn               (no ring)
MPRegen 0.07/turn               (no ring)

@: no status effects
A: AC +4, unfitting armour, cold-blooded
a: no special abilities


You were on level 4 of the Dungeon.
You visited 1 branch of the dungeon, and saw 4 of its levels.

You collected 23 gold pieces.

Inventory:

Hand Weapons
 a - a +0 long sword (weapon)
Armour
 b - a +1 buckler (worn)
Scrolls
 f - a scroll of identify {unknown}
Potions
 c - a potion of might
 e - a potion of curing {unknown}


   Skills:
 * Level 3.3 Fighting
 * Level 2.0 Long Blades
 * Level 2.7 Dodging
 * Level 0.1 Stealth
 * Level 3.1 Shields


You couldn't memorise any spells.
You didn't know any spells.
Your spell library was empty.

Dungeon Overview and Level Annotations

Branches:
Dungeon (4/15)
 Temple: D:4-7

Altars:


Innate Abilities, Weirdness & Mutations

Your plain brown scales are hard. (AC +4)
You cannot fit into any form of body armour.
You are cold-blooded and may be slowed by cold attacks.


Message History

A rat comes into view.
The kobold misses you.
You closely miss the kobold.
A kobold comes into view. It is wielding a +0 whip.
The kobold hits you with a +0 whip. x2
You closely miss the kobold. The kobold closely misses you.
A dart slug comes into view.
You closely miss the kobold.
Your tail-slap misses the kobold.
You block the kobold's attack. The kobold hits you with a +0 whip.
A goblin comes into view. It is wielding a +0 club.
The dart slug launches a dart at you.
The slug dart hits you but does no damage.
The kobold hits you with a +0 whip. The kobold barely misses you.
The frilled lizard unfolds its giant frill.
The goblin shouts!
The frilled lizard bites you.
There is a stone staircase leading down here.
The frilled lizard misses you. The kobold hits you with a +0 whip.
You climb downwards.
Found 4 gold pieces and a fizzy puce potion.
Found a stone staircase leading up.
There is a stone staircase leading up here.
The kobold attacks as you move away! The kobold closely misses you.
The frilled lizard attacks as you move away!
The frilled lizard barely misses you.
Found a small wooden ring.
You see here a fizzy puce potion.
You hit the frilled lizard.
You kill the frilled lizard!
You closely miss the kobold. The kobold barely misses you.
You hit the kobold but do no damage. You block the kobold's attack.
The kobold hits you but does no damage.
You barely miss the kobold. The kobold barely misses you.
You closely miss the kobold.
You tail-slap the kobold, but do no damage.
The kobold misses you.
You closely miss the kobold. The kobold hits you with a +0 whip.
* * * LOW HITPOINT WARNING * * *
The kobold hits you with a +0 whip.
You die...

#. #.......###
...###..........
.............#
.......<.....#..
#.#.#.$........#
#.##..#..... #.
#g## #### # #K#
#@# ...=....#
.#...#..# ....
#..# ##. #..# ..
.... # #... #...


You could see a hobgoblin and a kobold.

Vanquished Creatures
  A ball python (D:3)
  An endoplasm (D:3)
  A frilled lizard (D:4)
  A rat (D:2)
4 creatures vanquished.

Notes
Turn   | Place    | Note
-------+----------+-------------------------------------------
     0 | D:1      | HakonGodeson the Draconian Fighter began the quest for the
                  | Orb.
     0 | D:1      | Reached XP level 1. HP: 19/19 MP: 1/1
   103 | D:4      | Slain by a kobold

Illustrated notes

Levels and vault maps discovered:
D:1:      tarquinn_simple_flora_water_e, layout_basic,
          ebering_ecumenical_altar_sacrificial
D:2:      cheibrodos_fertilizer, layout_loops_ring, basic_altar
D:3:      layout_loops_ring, serial_glass, glass_columns_b, glass_columns_b,
          minmay_fractal_squares_diagonal_5
D:4:      layout_loops_ring, kennysheep_little_box, minmay_misc_feat_roman,
          uniq_blork_the_orc

Action                   || total
-------------------------++-------
Melee: Long sword        ||    13
       Tailslap          ||     1
  Use: Scroll            ||     1
Armor: Skin              ||     3
Dodge: Dodged            ||    12
Block: Buckler           ||     4
